Map: Ascension to Aiur LE

Players

HeroMarine - Winner!

  • Race: Terran Terran
  • League: Master
  • Spawn Location: 11:00

Namshar

  • Race: Zerg Zerg
  • League: Grandmaster
  • Spawn Location: 5:00

Event: HomeStory Cup XVI

VOD

Have the link to the VOD?

Description

Time

  • Played on: Nov. 10, 2017, 12:45 p.m.
  • Length: 10:42

All games in this series

Show
View Real Time Build Order
Export as new Build Order

HeroMarine Terran - Winner!

Build Orders: Hellion Banshee, MMM Bio 

Get SALT Encoding   

  12  0:00  SCV  
  13  0:12  SCV  
  14  0:17  Supply Depot  
  14  0:24  SCV  
  15  0:39  SCV  
  15  0:41  Barracks  
  16  0:44  Refinery  
  16  0:51  SCV  
  17  1:03  SCV  
  18  1:15  SCV  
  19  1:28  Marine  
  19  1:29  Orbital Command  
  20  1:39  Command Center  
  20  1:46  Marine  
  21  1:53  Factory  
  21  1:56  SCV  
  22  2:04  Supply Depot  
  22  2:07  Barracks Reactor  
  22  2:10  SCV  
  23  2:16  Refinery  
  23  2:26  SCV  
  24  2:38  SCV  
  24  2:41  Starport  
  25  2:44  Marine x2  
  25  2:45  Widow Mine  
  25  2:50  SCV  
  30  2:51  Orbital Command  
  30  3:02  SCV, Marine x2  
  33  3:14  SCV  
  33  3:17  SCV  
  33  3:18  Medivac  
  37  3:24  Supply Depot  
  37  3:26  SCV  
  38  3:28  Hellion x2  
  38  3:29  SCV  
  38  3:30  Barracks Tech Lab  
  43  3:38  SCV  
  43  3:41  SCV  
  45  3:48  Supply Depot  
  45  3:49  Hellion x2  
  45  3:53  Armory  
  49  3:56  SCV x2  
  49  4:01  Banshee  
  54  4:03  Cloaking Field  
  54  4:09  Marine  
  55  4:12  Supply Depot  
  55  4:14  SCV x2  
  57  4:26  SCV x2  
  57  4:28  Barracks Tech Lab  
  59  4:35  Command Center  
  59  4:38  SCV x2  
  59  4:40  Supply Depot  
  59  4:43  Banshee  
  64  4:50  SCV x2  
  66  4:56  Hellion x3  
  64  5:02  SCV, Factory Reactor  
  64  5:03  Stimpack, SCV  
  64  5:05  Barracks  
  64  5:06  Barracks  
  66  5:11  Engineering Bay  
  66  5:13  Engineering Bay  
  66  5:14  Refinery  
  66  5:18  SCV x2  
  66  5:19  Marine  
  69  5:22  Refinery  
  67  5:30  SCV x2  
  69  5:37  Starport Reactor, Marine  
  69  5:38  Supply Depot  
  69  5:39  Supply Depot  
  69  5:42  SCV x2  
  73  5:53  Orbital Command, Terran Infantry Weapons Level 1, Terran Infantry Armor Level 1  
  73  5:54  SCV x2  
  73  5:55  Marine  
  69  6:06  Barracks, SCV x2, Marine x2  
  69  6:08  Barracks  
  69  6:13  Marine  
  69  6:15  Marine x2  
  69  6:18  Orbital Command, SCV  
  72  6:19  Medivac x2  
  72  6:23  SCV  
  72  6:24  Marine  
  79  6:25  Marine  
  79  6:30  SCV, Marine  
  82  6:35  Marine x2  
  82  6:37  SCV  
  83  6:41  Marine  
  83  6:43  SCV, Marine  
  83  6:45  SCV  
  87  6:48  Marine  
  87  6:49  SCV  
  89  6:54  Marine x2  
  89  6:55  SCV  
  89  6:56  Medivac x2, Barracks Reactor x2  
  89  6:57  SCV  
  89  7:01  SCV, Marine  
  98  7:03  Supply Depot x2  
  98  7:04  Combat Shields  
  98  7:06  Marine  
  98  7:07  SCV  
  101  7:13  Supply Depot x2, Marine x2  
  101  7:14  SCV x2  
  102  7:16  Marine  
  102  7:20  Refinery  
  102  7:21  Refinery  
  103  7:25  Factory  
  103  7:26  Supply Depot  
  103  7:27  Marine  
  103  7:28  Supply Depot  
  104  7:33  Marine  
  105  7:39  Marine x2  
  105  7:40  Marine  
  105  7:43  Marauder  
  107  7:44  Marine  
  107  7:45  Marine x2  
  107  7:51  Medivac x2, Siege Tank  
  110  7:53  Terran Infantry Weapons Level 2, Terran Infantry Armor Level 2  
  110  7:55  SCV x2  
  110  7:57  Marine x2  
  110  7:58  Marine  
  119  8:01  Marine x2  
  119  8:02  Marine x3  
  119  8:05  Marauder  
  124  8:08  Factory Tech Lab  
  123  8:16  Terran Vehicle Weapons Level 1  
  123  8:18  Marine x2  
  123  8:19  Marine x3  
  116  8:20  Sensor Tower  
  116  8:21  Marine x2  
  116  8:26  Marauder  
  120  8:28  Marine  
  121  8:34  Command Center  
  121  8:36  SCV x2, Marine x3  
  121  8:37  SCV  
  121  8:38  Siege Tank  
  121  8:40  Supply Depot  
  121  8:41  Marine x4  
  132  8:44  Siege Tank  
  132  8:48  Marauder  
  139  8:54  Marine x2  
  139  8:55  Marine x2  
  142  8:58  Marine  
  142  8:59  Marine  
  142  9:01  Marine x2  
  147  9:09  Marauder  
  134  9:11  Marine  
  134  9:12  Siege Tank, Marine  
  134  9:13  Marine x2  
  134  9:16  Marine x2, Siege Tank  
  146  9:18  Medivac x2  
  140  9:25  Marine x2  
  140  9:30  Marauder  
  141  9:34  Concussive Shells  
  141  9:35  Marine x4  
  141  9:36  Barracks  
  141  9:37  Barracks, Marine x2  
  147  9:40  Barracks  
  147  9:43  Marine x2  
  147  9:44  Siege Tank  
  152  9:46  Planetary Fortress  
  152  9:48  SCV x3  
  152  9:52  Marauder  
  157  9:54  Marine x3  
  160  10:00  SCV x3  
  160  10:04  Marine x3  
  165  10:07  Marine x2  
  165  10:12  SCV, Marine x3  
  165  10:13  Marauder, SCV x2  
  166  10:22  Marine x2  
  166  10:24  SCV  
  166  10:25  SCV  
  166  10:27  SCV x2  
  172  10:31  Barracks Tech Lab x2  
  172  10:32  Barracks Tech Lab  
Show
View Real Time Build Order
Export as new Build Order

Namshar Zerg 

Build Orders: Hatch First 

Get SALT Encoding   

  12  0:00  Drone  
  13  0:13  Overlord  
  13  0:17  Drone  
  14  0:31  Drone x2  
  14  0:35  Drone  
  17  0:52  Hatchery  
  17  0:54  Drone  
  17  0:58  Drone  
  18  1:08  Extractor  
  17  1:13  Spawning Pool  
  17  1:16  Drone  
  18  1:18  Drone  
  18  1:28  Drone  
  19  1:39  Overlord  
  19  1:50  Drone  
  20  2:00  Queen  
  20  2:01  Zergling x2  
  23  2:04  Queen, Zergling x2  
  23  2:07  Metabolic Boost  
  26  2:11  Drone  
  26  2:15  Drone  
  28  2:24  Drone  
  28  2:25  Drone  
  30  2:32  Overlord  
  30  2:36  Drone  
  31  2:37  Queen  
  31  2:43  Drone  
  34  2:46  Pneumatized Carapace  
  34  2:58  Hatchery  
  34  3:01  Drone  
  34  3:03  Drone  
  35  3:05  Drone  
  35  3:12  Drone x3  
  39  3:15  Overlord  
  39  3:18  Drone  
  40  3:23  Drone x2  
  40  3:26  Drone  
  43  3:30  Overlord  
  43  3:33  Drone  
  43  3:34  Drone  
  45  3:42  Extractor  
  45  3:45  Drone  
  45  3:46  Drone x2  
  47  3:48  Queen  
  47  3:51  Zergling x8  
  53  3:56  Zergling x2  
  53  4:02  Overlord  
  54  4:09  Queen  
  56  4:10  Baneling Nest  
  56  4:11  Spine Crawler  
  56  4:15  Queen  
  56  4:20  Drone  
  57  4:24  Queen  
  59  4:31  Drone x5  
  59  4:32  Drone x3  
  67  4:39  Overlord  
  67  4:40  Overlord  
  67  4:41  Zergling x2  
  68  4:54  Zergling x2  
  68  4:55  Zergling x6  
  71  5:00  Drone x7  
  71  5:06  Baneling x2  
  71  5:07  Baneling  
  78  5:09  Overlord, Lair  
  78  5:10  Drone  
  79  5:14  Baneling  
  79  5:17  Evolution Chamber  
  79  5:19  Evolution Chamber  
  79  5:20  Drone x3  
  80  5:22  Baneling Nest  
  79  5:36  Spore Crawler x2  
  79  5:37  Spore Crawler  
  79  5:39  Drone x5  
  79  5:41  Hatchery  
  79  5:46  Drone x3  
  80  5:55  Drone x5  
  79  6:01  Drone  
  79  6:02  Drone x3  
  72  6:06  Drone  
  72  6:07  Drone  
  72  6:08  Drone x2  
  74  6:12  Extractor x2  
  74  6:16  Zergling x6  
  75  6:19  Centrifical Hooks  
  75  6:21  Zerg Ground Armor Level 1, Zerg Melee Weapons Level 1  
  75  6:24  Zergling x2  
  75  6:25  Overlord  
  76  6:28  Drone  
  77  6:40  Extractor  
  77  6:44  Drone  
  77  6:45  Drone x10  
  87  6:52  Queen  
  88  6:54  Overseer  
  88  6:57  Spore Crawler, Drone x3  
  88  6:58  Drone x2  
  92  7:09  Drone  
  92  7:10  Drone x2  
  95  7:15  Zergling x2  
  95  7:16  Zergling x16  
  95  7:21  Infestation Pit, Extractor, Zergling x4  
  95  7:22  Zergling x2  
  105  7:30  Zergling x4  
  105  7:31  Zergling x6  
  106  7:42  Zergling x10  
  100  7:45  Zergling x8  
  100  7:46  Zergling x4  
  100  7:48  Queen  
  102  8:02  Zergling x2  
  102  8:03  Zergling x6  
  98  8:05  Zergling x2  
  98  8:14  Hive  
  98  8:17  Overlord  
  98  8:18  Overlord x3  
  92  8:24  Zerg Melee Weapons Level 2, Zerg Ground Armor Level 2  
  92  8:28  Drone x2  
  92  8:30  Overlord x2  
  92  8:32  Drone  
  92  8:33  Zergling x4  
  97  8:34  Hatchery  
  97  8:37  Zergling x12  
  97  8:38  Baneling x9  
  97  8:41  Queen x2  
  104  8:43  Zergling x4  
  104  8:44  Hatchery  
  107  8:54  Zergling x12  
  102  8:58  Zergling x2  
  92  9:03  Zergling x2  
  89  9:10  Zergling x8  
  89  9:13  Zergling x4  
  89  9:16  Queen x2  
  85  9:28  Ultralisk Cavern  
  85  9:29  Zergling x4  
  84  9:43  Overlord  
  84  9:46  Drone  
  84  9:48  Queen  
  84  9:52  Queen x2  
  89  9:56  Zergling x18  
  89  9:57  Zergling x6  
  103  10:06  Zergling x8  
  107  10:11  Baneling  
  107  10:12  Baneling x7  
  107  10:18  Zergling x10  
  109  10:23  Zergling x8  
  109  10:24  Baneling x11  
Tags
 
Add a new tag
Caveats
  • Supply blocks, unpowered buildings, or Contaminate may cause inaccurate times.
  • Supply counts are checked every 10 seconds.